Map: Deathaura LE

Players

RyuKey - Winner!

  • Race: Terran Terran
  • League: Diamond
  • Spawn Location: 11:00

Jaykantos

  • Race: Zerg Zerg
  • League: Platinum
  • Spawn Location: 5:00

VOD

Have the link to the VOD?

Description

Time

  • Played on: June 19, 2020, 6:54 a.m.
  • Length: 13:51
Show
View Real Time Build Order
Export as new Build Order

RyuKey Terran - Winner!

Build Orders:  

Get SALT Encoding   

  12  0:01  SCV  
  13  0:19  Supply Depot  
  13  0:41  Barracks  
  13  0:45  Barracks  
  13  1:00  Barracks  
  13  1:05  SCV  
  14  1:28  Marine  
  14  1:32  Orbital Command  
  15  1:33  Marine  
  16  1:41  Supply Depot  
  16  1:46  Marine  
  17  1:48  Marine  
  18  1:55  Marine  
  19  2:04  Marine  
  19  2:06  Marine  
  21  2:13  Marine  
  22  2:22  Marine  
  23  2:24  Marine  
  24  2:30  Marine  
  24  2:36  Bunker  
  25  2:40  Marine  
  25  2:42  Marine  
  27  2:46  SCV  
  27  2:48  Marine  
  29  2:52  Supply Depot  
  29  2:57  Marine  
  30  3:00  Marine  
  29  3:06  Marine  
  30  3:15  Marine  
  30  3:17  SCV, Marine  
  33  3:21  Refinery  
  33  3:23  Refinery  
  33  3:29  SCV  
  32  3:41  SCV  
  33  3:49  Bunker  
  33  3:53  SCV  
  33  3:54  Supply Depot  
  34  4:05  SCV  
  35  4:17  SCV  
  35  4:18  Bunker  
  36  4:30  SCV, Command Center  
  37  4:42  SCV  
  38  4:50  Bunker  
  38  4:53  Factory  
  38  4:54  SCV  
  38  4:56  Barracks Reactor, Barracks Tech Lab  
  39  5:06  SCV  
  40  5:10  Supply Depot  
  40  5:18  SCV  
  41  5:28  Bunker  
  41  5:30  SCV  
  41  5:31  Barracks Reactor  
  41  5:35  Marauder, Marine x2  
  46  5:41  Factory Tech Lab  
  46  5:42  Supply Depot  
  46  5:44  Starport  
  46  5:46  SCV  
  47  5:52  Marine  
  47  5:54  Orbital Command  
  47  5:56  Marauder  
  50  5:57  Stimpack  
  50  6:01  SCV  
  51  6:09  Marine x2  
  53  6:13  SCV  
  54  6:23  Marine x2  
  54  6:24  Engineering Bay  
  54  6:25  SCV  
  57  6:29  SCV  
  57  6:30  Starport Tech Lab  
  58  6:35  Starport Reactor  
  58  6:37  Marine, Siege Tank  
  58  6:39  Marine  
  63  6:44  SCV  
  44  7:10  Marine  
  39  7:16  Medivac x2  
  39  7:21  Marine x3  
  46  7:25  SCV  
  46  7:28  SCV, Marine x2  
  46  7:29  Siege Tank  
  53  7:37  SCV  
  54  7:40  Terran Infantry Weapons Level 1  
  54  7:42  Engineering Bay  
  54  7:45  Supply Depot  
  54  7:46  Supply Depot  
  54  7:49  Combat Shield  
  54  7:55  Refinery  
  54  7:56  Refinery  
  54  8:06  SCV x2, Marine x3, Liberator  
  54  8:07  Marine x2  
  64  8:18  SCV x2  
  66  8:24  Supply Depot, Marine x3  
  66  8:25  Marine  
  70  8:27  Terran Infantry Armor Level 1  
  70  8:32  Supply Depot x2  
  70  8:39  Command Center  
  70  8:45  SCV x2, Medivac, Marine x3  
  77  8:49  Marine  
  77  8:53  Marine  
  79  8:57  SCV x2  
  81  9:04  Marine x3  
  81  9:05  Siege Tank  
  81  9:07  Marine  
  88  9:10  SCV x2  
  88  9:11  Medivac, Marine  
  93  9:22  SCV  
  94  9:37  Marine  
  94  9:42  Marine x2  
  94  9:43  Marine  
  94  9:45  SCV, Marine  
  93  9:54  Marine  
  93  9:57  Siege Tank  
  93  9:59  Marine  
  97  10:00  Marine  
  97  10:01  SCV x2, Marine  
  97  10:02  Orbital Command  
  97  10:03  Marine  
  97  10:05  Medivac  
  97  10:06  Supply Depot  
  105  10:07  Supply Depot  
  105  10:12  Marine  
  106  10:17  Marine x2  
  106  10:19  Marine  
  109  10:22  Marine  
  109  10:23  SCV  
  104  10:30  Orbital Command  
  104  10:35  SCV  
  105  10:36  Supply Depot x2  
  105  10:54  Marine x4  
  109  11:00  SCV, Barracks x2  
  109  11:01  Barracks Reactor, Barracks  
  109  11:02  Barracks  
  110  11:11  Marine  
  110  11:12  Marine  
  110  11:13  Marine x2  
  110  11:14  Siege Tank  
  110  11:15  Refinery  
  110  11:16  SCV x2  
  110  11:17  Refinery  
  119  11:27  SCV  
  119  11:29  Marine  
  119  11:30  Marine  
  119  11:32  Medivac x2  
  126  11:33  Marine x2  
  128  11:45  Marine x2  
  128  11:46  Siege Tank  
  133  11:47  Marine x2  
  133  11:50  Marine  
  133  11:51  Marine  
  133  11:52  SCV x3  
  141  12:02  Marine  
  141  12:03  Barracks Tech Lab  
  141  12:04  Barracks Reactor x2, Barracks Tech Lab  
  141  12:15  Armory  
  141  12:23  Supply Depot  
  141  12:24  Supply Depot  
  141  12:25  Supply Depot  
  141  12:40  Supply Depot  
  141  12:41  SCV, Supply Depot, Marine x2  
  141  12:44  SCV, Marine, Siege Tank  
  141  12:49  Command Center  
  146  12:52  Medivac x2, Marine  
  146  12:53  Marine  
  146  12:54  Command Center, Marine x5  
  157  12:59  Marine x2  
  155  13:26  Marine  
  152  13:27  Marine x5  
  152  13:32  Marine x2  
  156  13:37  SCV  
Show
View Real Time Build Order
Export as new Build Order

Jaykantos Zerg 

Build Orders: Hatch First 

Get SALT Encoding   

  12  0:05  Drone  
  13  0:14  Overlord  
  13  0:17  Drone  
  14  0:32  Drone x2  
  16  0:41  Drone  
  17  0:58  Drone  
  17  1:00  Hatchery  
  17  1:04  Drone  
  18  1:13  Drone  
  19  1:18  Extractor  
  19  1:21  Spawning Pool  
  19  1:24  Drone  
  18  1:39  Drone  
  19  1:46  Drone  
  20  1:55  Overlord  
  20  2:08  Queen  
  22  2:15  Queen  
  22  2:17  Zergling x4  
  22  2:19  Metabolic Boost  
  26  2:26  Spine Crawler  
  26  2:27  Spine Crawler  
  24  2:30  Spine Crawler  
  23  2:40  Zergling x6  
  25  3:05  Zergling x8  
  28  3:13  Drone, Baneling Nest  
  28  3:31  Lair, Overlord  
  28  3:32  Overlord  
  28  3:53  Drone x3  
  31  3:57  Extractor  
  30  4:03  Baneling  
  30  4:04  Baneling x4  
  30  4:19  Drone x3  
  30  4:21  Overlord  
  30  4:22  Overlord  
  33  4:48  Nydus Network  
  32  4:53  Zergling x2  
  32  4:54  Zergling x8  
  37  5:18  Baneling x6  
  37  5:19  Baneling  
  37  5:20  Zergling x2  
  37  5:21  Zergling x6  
  41  5:47  Nydus Canal  
  41  5:55  Zergling x6  
  44  6:24  Zergling x4  
  46  6:33  Baneling x7  
  46  6:34  Baneling x6  
  46  6:38  Overlord x2  
  42  7:06  Zergling x8  
  32  7:23  Baneling x4  
  31  7:39  Hatchery  
  31  7:42  Drone  
  31  7:43  Drone x2  
  33  7:49  Hatchery  
  32  8:07  Drone x2  
  34  8:19  Drone  
  35  8:29  Drone  
  35  8:30  Drone x2  
  38  8:35  Centrifical Hooks  
  38  8:41  Drone  
  39  8:43  Evolution Chamber  
  38  8:48  Evolution Chamber  
  37  9:05  Baneling x5  
  37  9:08  Zergling x14  
  44  9:23  Zergling x2  
  44  9:24  Zergling x12  
  41  9:49  Zergling x2  
  41  9:50  Zergling x8  
  41  9:51  Baneling x5  
  44  9:59  Drone x2  
  46  10:08  Drone x2  
  46  10:09  Drone  
  39  10:36  Drone x7  
  46  10:47  Zerg Melee Weapons Level 1  
  46  10:49  Zerg Ground Armor Level 1  
  46  11:01  Zergling x8  
  46  11:02  Zergling x2  
  50  11:14  Zergling x2  
  51  11:19  Overlord x3  
  51  11:20  Extractor  
  46  11:36  Drone x4  
  50  11:47  Zergling x2  
  50  11:48  Zergling x6  
  50  12:22  Hatchery  
  49  12:49  Drone x14  
  63  12:52  Baneling x4  
  63  12:53  Baneling x12  
  63  13:12  Spine Crawler  
  54  13:14  Spine Crawler  
  54  13:16  Spine Crawler  
  41  13:34  Zergling x2  
Tags
 
Add a new tag
Caveats
  • Supply blocks, unpowered buildings, or Contaminate may cause inaccurate times.
  • Supply counts are checked every 10 seconds.